 Dungeon Sprint DCSS version 0.27-a0-1139-g28e009f8a6 (webtiles) character file.

Game seed: 11265405367989062605

8169 Conn the Thaumaturge (level 11, -3/102 HPs)
             Began as a Tengu Enchanter on May 7, 2021.
             Was a High Priest of Sif Muna.
             Killed by divine providence
             ... invoked by a sphinx
              (13 damage)
             ... in the Dungeon (Sprint II: "The Violet Keep of Menkaure").
             The game lasted 01:27:47 (3115 turns).

Conn the Thaumaturge (Tengu Enchanter)              Turns: 3115, Time: 01:27:48

Health: -3/102     AC: 25    Str: 10    XL:     11   Next: 26%
Magic:  13/27      EV:  2    Int: 18    God:    Sif Muna [*****.]
Gold:   421        SH:  0    Dex: 14    Spells: 7/32 levels left

rFire    . . .     SeeInvis .   b - +2 arbalest (freeze)
rCold    . . .     Faith    .   (shield currently unavailable)
rNeg     + + +     Spirit   .   (armour currently unavailable)
rPois    +         Reflect  .   (helmet currently unavailable)
rElec    .         Harm     .   (cloak currently unavailable)
rCorr    .         Rampage  .   (gloves currently unavailable)
Will     .....     NoTele   +   (boots unavailable)
Stlth    ++++......             (no amulet)
HPRegen  0.27/turn              (no ring)
MPRegen  0.20/turn              (no ring)

@: tree-form, slowed, very slow
A: stationary, stasis, torment immunity, boosted hp, (beak), (talons 3), nimble
flight
a: Renounce Religion, Channel Magic, Forget Spell, Divine Exegesis


You were in the Dungeon.
You worshipped Sif Muna.
Sif Muna was extremely pleased with you.
You were a tree.
You visited 1 branch You collected 1431 gold pieces.
You spent 1010 gold pieces at shops.

Inventory:

Hand Weapons
 a - the +12 rapier "Pirorul" {antimagic, rF+ Will+}
   (You bought it in a shop in the Dungeon)

   It reduces the magical energy of the wielder, and disrupts the spells and
   magical abilities of those hit.
   Natural abilities and divine invocations are not affected.
   It protects you from fire.
   It increases your willpower.
 b - a +2 arbalest of freezing (weapon)
 g - a +0 longbow
 h - a +1 dagger
Missiles
 e - 25 arrows
 l - 9 bolts (quivered ammo)
Armour
 c - a +0 robe
 f - the +0 robe of Onujiogg {Harm Will+ rCorr Str-3}
   (You bought it in a shop in the Dungeon)

   It affects your strength (-3).
   It protects you from acid and corrosion.
   It increases damage dealt and taken.
   It increases your willpower.
 j - a +2 robe of resistance (melded)
Potions
 k - a potion of might


   Skills:
 + Level 7.9 Fighting
 + Level 10.7 Short Blades
 + Level 5.0 Bows
 * Level 5.2 Crossbows
 + Level 7.1 Dodging
 - Level 8.5 Stealth
 + Level 11.3 Spellcasting
 + Level 8.6 Conjurations
 - Level 8.0 Hexes
 + Level 3.2 Summonings
 - Level 4.5 Translocations
 + Level 4.0 Fire Magic
 + Level 4.4 Ice Magic
 + Level 7.0 Air Magic
 + Level 2.1 Earth Magic
 - Level 3.5 Poison Magic
 + Level 5.2 Invocations


You had 7 spell levels left.
You knew the following spells:

 Your Spells              Type           Power      Damage    Failure   Level
a - Corona                Hex            43%        N/A       1%          1
b - Ensorcelled Hibernat  Hex/Ice        64%        N/A       1%          2
d - Dazzling Flash        Conj/Hex       80%        N/A       1%          3
e - Conjure Flame         Conj/Fire      33%        6-21      1%          3
f - Mephitic Cloud        Conj/Pois/Air  33%        N/A       1%          3
g - Blink                 Tloc           N/A        N/A       1%          2
h - Call Imp              Summ           21%        N/A       2%          2
i - Hailstorm             Conj/Ice       33%        3d8       4%          4
j - Bolt of Magma         Conj/Fire/Erth 14%        4d8       26%         5

Your spell library contained the following spells:

 Spells                   Type           Power      Damage    Failure   Level
 Magic Dart               Conj           100%       1d8       1%          1
 Slow                     Hex            39%        N/A       1%          2
 Confusing Touch          Hex            39%        N/A       1%          3
 Tukima's Dance           Hex            39%        N/A       1%          3
 Frozen Ramparts          Ice            52%        1d7       3%          3
 Sublimation of Blood     Necr           5%         N/A       11%         2
 Metabolic Englaciation   Hex/Ice        16%        N/A       14%         5
 Summon Mana Viper        Hex/Summ       30%        N/A       19%         5
 Yara's Violent Unravell  Hex/Tmut       12%        3d7       36%         5
 Animate Dead             Necr           5%         N/A       56%         4
 Freezing Cloud           Conj/Ice/Air   17%        6-21      56%         6
 Ozocubu's Refrigeration  Ice            13%        4d7       100%        7
 Infestation              Necr           5%         N/A       100%        8
 Death's Door             Necr           5%         N/A       100%        9


Dungeon Overview and Level Annotations

Branches:
Dungeon (1/1)

Altars:
Cheibriados
Dithmenos
Elyvilon
Fedhas
Gozag
Hepliaklqana
Kikubaaqudgha
Makhleb
Nemelex Xobeh
Okawaru
Qazlal
Ru
Sif Muna
Trog
Uskayaw
Vehumet
Wu Jian
Xom
Yredelemnul
Zin
The Shining One
Beogh
Jiyva
Lugonu

Shops:
D :[(!=([=[[:(!=?

Annotations:
D exclusion: oklob plant


Innate Abilities, Weirdness & Mutations

You are a tree.
Your roots penetrate the ground, keeping you stationary.
You cannot be teleported.
You are immune to unholy pain and torment.
Your maximum health is greatly increased.
Your equipment is partially melded.
((You have a beak for a mouth.))
((You have claws for feet.))
Your magical nature lets you fly swiftly and evasively.


Message History

Confirm with . or Enter, or press ? or * to list all spells.
Aiming: Mephitic Cloud (safe; 1% risk of failure)
Press: ? - help, Shift-Dir - straight line The ball explodes into a vile cloud!
The sphinx is engulfed in noxious fumes.
The sphinx appears confused.
Casting: Mephitic Cloud (safe; 1% risk of failure)
Confirm with . or Enter, or press ? or * to list all spells.
Okay, then.
Really quaff the potion of lignification?
You turn into a tree.
Your +2 robe of resistance melds into your body.
You feel hot and cold all over.
Your roots penetrate the ground.
Splash!
You fall into the shallow water.
Moving in this stuff is going to be slow.
The sphinx is engulfed in noxious fumes. x3
Okay, then.
Okay, then.
Casting: Mephitic Cloud (safe; 1% risk of failure)
Confirm with . or Enter, or press ? or * to list all spells.
Okay, then.
You feel better.
The sphinx mumbles some strange words.
You suddenly lose the ability to move!
The sphinx is engulfed in noxious fumes.
You can move again.
Casting: Mephitic Cloud (safe; 1% risk of failure)
Confirm with . or Enter, or press ? or * to list all spells.
Aiming: Mephitic Cloud (safe; 1% risk of failure)
Press: ? - help, Shift-Dir - straight line The ball explodes into a vile cloud!
The stinking cloud engulfs the sphinx but does no damage.
The sphinx is moderately wounded.
The lava snake hisses angrily.
The sphinx seems less confused.
The sphinx is engulfed in noxious fumes.
The sphinx mumbles some strange words.
Something smites you!
You die...

#≈≈≈≈§≈≈§.≈#._._._..#≈§≈≈####▓▓
≈≈≈≈≈§§≈≈≈≈#_._._._.#§§≈≈§##..# $
≈≈≈≈≈§≈≈≈≈≈#._._._._#≈§§§§≈#..#$.
+#≈≈§§§≈≈≈≈#.._._._.#§§≈§§§§[§'$$
°##≈§§###≈≈#..._._._#§§§§§§#..#$.
°.##≈≈# #§≈#...._._.#§§§≈§§▓..#$$
..○+≈≈#+#≈§#....._._#§§§§▓▓▓▓▓▓▓▓
..##§≈≈≈≈≈≈##########H≈§≈▓zz.≈≈≈
.###########≈≈≈≈♣≈§H☼≈≈≈≈▓z..≈≈≈
##≈○S○≈§§###≈########≈▓▓▓▓▓▓▓▓▓≈
#§§○○§≈≈≈§##≈# #▓▓ °§≈○○§≈≈°°S'≈#
#≈≈≈°○°≈≈≈#### ##§○°°S≈≈##
#########


You could see 2 sphinxes.

Vanquished Creatures
  Kirke (D)
  A yaktaur captain (D)
  A centaur warrior (D)
  2 deep trolls (D)
  An elephant (D)
  A merfolk siren (D)
  A yaktaur (D)
  3 polar bears (D)
  A hornet (D)
  A blink frog (D)
  11 flying skulls (D)
  2 wyverns (D)
  A neqoxec (D)
  4 water moccasins (D)
  4 scorpions (D)
  A tentacle (D)
36 creatures vanquished.

Vanquished Creatures (collateral kills)
  A kobold demonologist (D)
1 creature vanquished.

Vanquished Creatures (others)
  A skeletal warrior (D)
  A dancing weapon (D)
  3 neqoxecs (D)
  Menkaure (D)
  A water moccasin (D)
  An electric eel (D)
  27 tentacles (D)
35 creatures vanquished.

Grand Total: 72 creatures vanquished

Notes
Turn   | Place    | Note
-------+----------+-------------------------------------------
     0 | D        | Conn the Tengu Enchanter began the quest for the Orb.
     0 | D        | Reached XP level 1. HP: 10/10 MP: 4/4
     1 | D        | Noticed a wyvern
     1 | D        | Noticed a wyvern
     4 | D        | Noticed a neqoxec
    11 | D        | Killed a neqoxec
    11 | D        | Killed a water moccasin
    12 | D        | Reached skill level 5 in Stealth
    12 | D        | Reached skill level 4 in Spellcasting
    12 | D        | Reached XP level 2. HP: 16/20 MP: 4/8
    12 | D        | Reached XP level 3. HP: 20/24 MP: 5/10
    12 | D        | Reached XP level 4. HP: 24/29 MP: 5/11
    12 | D        | Gained mutation: Your magical nature lets you fly swiftly
                  | and evasively. [Tengu growth]
    12 | D        | Reached XP level 5. HP: 27/33 MP: 5/12
    19 | D        | Learned a level 2 spell: Ensorcelled Hibernation
    23 | D        | Learned a level 3 spell: Tukima's Dance
    51 | D        | Reached skill level 5 in Spellcasting
    52 | D        | Reached skill level 5 in Fighting
    52 | D        | Reached skill level 5 in Hexes
    52 | D        | Reached XP level 6. HP: 28/40 MP: 11/15
    56 | D        | Killed Menkaure
    62 | D        | Reached skill level 6 in Spellcasting
    73 | D        | Killed a neqoxec
    80 | D        | Found a hazy altar of Hepliaklqana.
    80 | D        | Found a snail-covered altar of Cheibriados.
    81 | D        | Found a stormy altar of Qazlal.
    81 | D        | Found a viscous altar of Jiyva.
    81 | D        | Found a shadowy altar of Dithmenos.
    82 | D        | Found a sacrificial altar of Ru.
    82 | D        | Found an ancient bone altar of Kikubaaqudgha.
    82 | D        | Found a white marble altar of Elyvilon.
    83 | D        | Found an ornate altar of the Wu Jian Council.
    83 | D        | Found a shimmering blue altar of Sif Muna.
    83 | D        | Found a corrupted altar of Lugonu.
    84 | D        | Found a shimmering altar of Xom.
    84 | D        | Found a bloodstained altar of Trog.
    84 | D        | Found a burning altar of Makhleb.
    84 | D        | Found a blossoming altar of Fedhas.
    85 | D        | Found a glowing golden altar of the Shining One.
    85 | D        | Found a basalt altar of Yredelemnul.
    85 | D        | Found a hide-covered altar of Uskayaw.
    87 | D        | Found a glowing silver altar of Zin.
    87 | D        | Found a radiant altar of Vehumet.
    87 | D        | Found a sparkling altar of Nemelex Xobeh.
    88 | D        | Found an opulent altar of Gozag.
    88 | D        | Found an iron altar of Okawaru.
    91 | D        | Noticed a water moccasin
    93 | D        | Noticed a water moccasin
    93 | D        | Became a worshipper of Sif Muna the Loreminder
   122 | D        | Noticed a neqoxec
   131 | D        | Noticed a merfolk siren
   157 | D        | Killed a merfolk siren
   158 | D        | Reached skill level 5 in Short Blades
   158 | D        | Reached skill level 7 in Spellcasting
   158 | D        | Reached XP level 7. HP: 23/46 MP: 2/18
   168 | D        | Killed a neqoxec
   172 | D        | Learned a level 3 spell: Dazzling Flash
   218 | D        | Killed a wyvern
   219 | D        | Reached skill level 1 in Ice Magic
   412 | D        | Killed a wyvern
   412 | D        | Reached * piety under Sif Muna
   413 | D        | Reached XP level 8. HP: 34/52 MP: 14/20
   414 | D        | Found Siveit's Book Shoppe.
   414 | D        | Found Mayczim's Distillery.
   415 | D        | Found Kuluw's Antique Weapon Shoppe.
   415 | D        | Found Gessa's Jewellery Emporium.
   415 | D        | Found Qereuc's Antique Armour Shoppe.
   415 | D        | Found Ishoihusa's Magic Scroll Shoppe.
   415 | D        | Found Cimunal's Antique Armour Emporium.
   416 | D        | Found Beosmod's Antique Weapon Emporium.
   416 | D        | Found Hinlofei's Jewellery Emporium.
   416 | D        | Found Urhavad's Antique Armour Shoppe.
   416 | D        | Found Jooti's Jewellery Shoppe.
   416 | D        | Found Kiegh's Distillery.
   420 | D        | Found Vifecwor's Antique Weapon Shoppe.
   420 | D        | Found Lakoy's Armour Emporium.
   420 | D        | Noticed an ice dragon
   420 | D        | Noticed a blink frog
   423 | D        | Noticed a flying skull
   423 | D        | Noticed a flying skull
   423 | D        | Noticed a flying skull
   423 | D        | Noticed a flying skull
   426 | D        | Killed a blink frog
   427 | D        | Reached skill level 8 in Spellcasting
   427 | D        | Reached skill level 5 in Conjurations
   434 | D        | Noticed an oklob plant
   443 | D        | Found Tesaj's Book Shoppe.
   450 | D        | Bought a sheer robe for 159 gold pieces
   450 | D        | Identified the +0 robe of Onujiogg {Harm Will+ rCorr Str-3}
                  | (You bought it in a shop in the Dungeon)
   460 | D        | Noticed a shining eye
   460 | D        | Noticed a shining eye
   462 | D        | Bought a shimmering rapier for 198 gold pieces
   462 | D        | Identified the +12 rapier "Pirorul" {antimagic, rF+ Will+}
                  | (You bought it in a shop in the Dungeon)
   471 | D        | Bought an embroidered robe for 103 gold pieces
   485 | D        | Bought 2 potions of heal wounds for 110 gold pieces
   512 | D        | Noticed a flying skull
   513 | D        | Noticed a flying skull
   513 | D        | Noticed a flying skull
   513 | D        | Noticed a flying skull
   534 | D        | Noticed a flying skull
   556 | D        | Killed a flying skull
   556 | D        | Reached ** piety under Sif Muna
   557 | D        | Reached skill level 5 in Dodging
   557 | D        | Reached skill level 1 in Invocations
   563 | D        | Killed a flying skull
   746 | D        | Noticed a flying skull
   750 | D        | Bought a book of Minor Magic for 280 gold pieces
   754 | D        | Learned a level 3 spell: Conjure Flame
   758 | D        | Learned a level 3 spell: Mephitic Cloud
   761 | D        | Learned a level 2 spell: Blink
   779 | D        | Bought a potion of might for 44 gold pieces
   779 | D        | Bought a potion of might for 44 gold pieces
   779 | D        | Bought a potion of curing for 33 gold pieces
   786 | D        | Noticed a flying skull
   797 | D        | Killed a flying skull
   798 | D        | Reached skill level 1 in Air Magic
   810 | D        | Killed a flying skull
   811 | D        | Reached skill level 1 in Translocations
   811 | D        | Reached XP level 9. HP: 38/56 MP: 4/22
   813 | D        | Reached *** piety under Sif Muna
   819 | D        | Reached skill level 9 in Spellcasting
   830 | D        | Reached **** piety under Sif Muna
   831 | D        | Reached skill level 1 in Fire Magic
  1069 | D        | Reached skill level 5 in Air Magic
  1531 | D        | Learned a level 2 spell: Call Imp
  1605 | D        | Noticed Kirke
  1605 | D        | Noticed a yaktaur captain
  1605 | D        | Noticed a kobold demonologist
  1616 | D        | Noticed a skeletal warrior
  1617 | D        | Killed a yaktaur captain
  1617 | D        | Reached ***** piety under Sif Muna
  1618 | D        | Reached XP level 10. HP: 21/63 MP: 1/24
  1625 | D        | Noticed a centaur warrior
  1676 | D        | Killed a kobold demonologist
  1923 | D        | Killed a centaur warrior
  1923 | D        | Identified Sif Muna's Reference Book on Attacks and
                  | Beguiling (Sif Muna gifted it to you in the Dungeon)
  1923 | D        | Received a gift from Sif Muna
  1924 | D        | Reached skill level 10 in Spellcasting
  1954 | D        | Reached skill level 10 in Short Blades
  1954 | D        | Reached skill level 1 in Summonings
  2254 | D        | Learned a level 4 spell: Hailstorm
  2332 | D        | Killed a skeletal warrior
  2333 | D        | Reached skill level 1 in Bows
  2379 | D        | Learned a level 5 spell: Bolt of Magma
  2458 | D        | Killed Kirke
  2481 | D        | Bought a potion of lignification for 39 gold pieces
  2504 | D        | Noticed an elephant
  2513 | D        | Killed an elephant
  2514 | D        | Reached XP level 11. HP: 63/67 MP: 2/26
  2575 | D        | Reached skill level 11 in Spellcasting
  2619 | D        | Noticed a kraken
  2650 | D        | Identified Sif Muna's Grimoire of Ghastly Cold (Sif Muna
                  | gifted it to you in the Dungeon)
  2650 | D        | Received a gift from Sif Muna
  2651 | D        | Reached skill level 5 in Bows
  2894 | D        | Noticed a deep troll
  2894 | D        | Noticed a deep troll
  2915 | D        | Killed a deep troll
  2916 | D        | Reached skill level 5 in Invocations
  2948 | D        | Killed a deep troll
  2949 | D        | Reached skill level 5 in Crossbows
  3093 | D        | Noticed a sphinx
  3093 | D        | Noticed a sphinx
  3105 | D        | Paralysed by a sphinx for 6 turns
  3109 | D        | HP: 1/68 [sphinx (3)]
  3113 | D        | Paralysed by a sphinx for 2 turns
  3115 | D        | Killed from afar by a sphinx

Illustrated notes

Levels and vault maps discovered:
D:        the_violet_keep_of_menkaure [sprint2_stairs_cluster_1,
          sprint2_shoproom, sprint2_temple, sprint2_basic_supplies,
          sprint2_obstacle_1, sprint2_obstacle_5, sprint2_obstacle_7,
          sprint2_obstacle_4, sprint2_obstacle_2, sprint2_timed_cluster_1,
          sprint2_smallroom_cluster_1, sprint2_smallroom_final_cluster_1,
          sprint2_transparent_cluster_1, sprint2_second_timed_cluster_1,
          sprint2_sniper_area_1, sprint2_heavy_combat_area_1,
          sprint2_mutation_trap_area_1, sprint2_forest_area_1,
          sprint2_light_combat_area_1, sprint2_behind_water_1,
          sprint2_near_end_vault_1]

Skill      XL: |  1  2  3  4  5  6  7  8  9 10 11 |
---------------+----------------------------------+-----
Fighting       | 4 5 6 7 |  7.9
Dodging        | 3 4 5 6 7 |  7.1
Stealth        | 5 6 8 |  8.5
Spellcasting   | 4 5 7 8 9 10 11 | 11.3
Hexes          | 4 5 6 7 8 |  8.0
Short Blades   | 3 5 6 7 9 10 | 10.7
Conjurations   | 4 6 8 |  8.6
Ice Magic      | 1 2 3 4 |  4.4
Invocations    | 2 4 5 |  5.2
Air Magic      | 2 5 6 7 |  7.0
Translocations | 1 3 4 |  4.5
Fire Magic     | 1 4 |  4.0
Poison Magic   | 2 3 |  3.5
Summonings     | 3 |  3.2
Bows           | 4 5 |  5.0
Crossbows      | 3 5 |  5.2
Earth Magic    | 2 |  2.1

Action                   |  1- 3 |  4- 6 |  7- 9 | 10-12 || total
-------------------------+-------+-------+-------+-------++-------
Melee: Dagger            |     5 |    25 |     4 |     6 ||    40
       Kick              |     2 |     7 |     6 |    10 ||    25
       Peck              |       |     4 |     7 |     4 ||    15
       Rapier            |       |       |    55 |    32 ||    87
 Fire: Longbow           |       |       |       |    19 ||    19
       Arbalest          |       |       |       |    11 ||    11
 Cast: Ensorcelled Hiber |       |     5 |     4 |    15 ||    24
       Tukima's Dance    |       |     3 |       |     6 ||     9
       Conjure Flame     |       |       |     5 |     3 ||     8
       Corona            |       |       |     2 |     2 ||     4
       Mephitic Cloud    |       |       |     2 |    26 ||    28
       Call Imp          |       |       |     1 |     4 ||     5
       Hailstorm         |       |       |       |     3 ||     3
       Blink             |       |       |       |     5 ||     5
       Dazzling Flash    |       |       |       |     1 ||     1
Invok: Channel Magic     |       |       |       |     2 ||     2
       Forget Spell      |       |       |       |     1 ||     1
  Use: Potion            |     2 |       |     5 |     4 ||    11
       Scroll            |       |       |       |     2 ||     2
 Stab: Sleeping          |       |     4 |     4 |     2 ||    10
       Confused          |       |       |       |     7 ||     7
Armor: Robe              |       |       |     6 |     3 ||     9
Dodge: Dodged            |       |     8 |    31 |    28 ||    67

Table legend: (Time is in decaauts)
 A = Elapsed time spent in this place.
 B = Non-inter-level travel time spent in this place.
 C = Inter-level travel time spent in this place.
 D = Time resting spent in this place.
 E = Time spent auto-exploring this place.
 F = Levels seen in this place.
 G = Mean time per level.
                   A        B        C        D        E       F      G
               +--------+--------+--------+--------+--------+-----+--------+
         Total |   3048 |   3048 |      0 |   1843 |      0 |   1 | 3048.0 |
       Dungeon |   3048 |   3048 |      0 |   1843 |      0 |   1 | 3048.0 |
               +--------+--------+--------+--------+--------+-----+--------+

Top non-repeatable levels by time:
       D: 3048 daAuts
